 Dungeon Crawl Stone Soup version 0.27-a0-67-g4bfc8a49e1 (webtiles) character file.

Game seed: 12242358086322396861

118 Borgoz the Cudgeller (level 4, -3/38 HPs)
             Began as a Minotaur Gladiator on Jan 9, 2021.
             Slain by an ogre
             ... wielding a +0 giant club
              (5 damage)
             ... on level 4 of the Dungeon.
             The game lasted 00:03:42 (2445 turns).

Borgoz the Cudgeller (Minotaur Gladiator)           Turns: 2445, Time: 00:03:43

Health: -3/38      AC: 17    Str: 18    XL:     4   Next: 72%
Magic:  3/3        EV:  6    Int:  5    God:
Gold:   134        SH:  0    Dex: 13    Spells: 3/3 levels left

rFire    + . .     SeeInvis .   a - +1 flail
rCold    . . .     Faith    .   (no shield)
rNeg     . . .     Spirit   .   o - +2 plate armour {rF+}
rPois    .         Reflect  .   c - +0 hat
rElec    .         Harm     .   s - +2 cloak
rCorr    .         Rampage  .   n - +0 pair of gloves
Will     .....                  (no boots)
Stlth    ..........             (no amulet)
HPRegen  0.12/turn              (no ring)
MPRegen  0.08/turn              (no ring)

@: no status effects
A: retaliatory headbutt, horns 2
a: no special abilities


You were on level 4 of the Dungeon.
You visited 1 branch of the dungeon, and saw 4 of its levels.

You collected 134 gold pieces.

Inventory:

Hand Weapons
 a - a +1 flail (weapon)
Armour
 c - a +0 hat (worn)
 n - a +0 pair of gloves (worn)
 o - a +2 plate armour of fire resistance (worn)
 s - a +2 cloak (worn)
Scrolls
 b - a scroll of blinking {unknown}
 h - a scroll of amnesia
 k - a scroll of identify {unknown}
 r - 2 scrolls of enchant weapon
Potions
 e - 3 potions of curing {unknown}
 f - a potion of might {unknown}
 g - 3 potions of degeneration {unknown}
 i - a potion of attraction {unknown}
 j - a potion of brilliance {unknown}
 l - a potion of heal wounds {unknown}
 m - a potion of magic {unknown}


   Skills:
 + Level 3.4 Fighting
 * Level 5.0 Maces & Flails
 - Level 2.0 Throwing
 + Level 2.2 Armour
 + Level 4.0 Dodging


You had 3 spell levels left.
You didn't know any spells.
Your spell library was empty.

Dungeon Overview and Level Annotations

Branches:
Dungeon (4/15)
 Temple: D:4-7

Altars:


Innate Abilities, Weirdness & Mutations

You reflexively headbutt those who attack you in melee.
You have a pair of horns on your head.


Message History

The throwing net barely misses the ogre.
The worker ant barely misses you. The ogre barely misses you.
Throw: 2 throwing nets
Press: ? - help, Q - select action Shift-Dir - straight line, f/p - ogre
Aim: an ogre, wielding a +0 giant club You throw a throwing net.
The throwing net barely misses the ogre.
The worker ant bites you but does no damage.
Throw: throwing net
Press: ? - help, Q - select action Shift-Dir - straight line, f/p - ogre
Aim: an ogre, wielding a +0 giant club You throw a throwing net.
The throwing net barely misses the ogre.
The ogre closely misses you.
The worker ant bites you but does no damage.
You hit the worker ant.
The worker ant is almost dead.
The worker ant bites you but does no damage.
The ogre hits you with a +0 giant club.
You die...

..# ..# ..#
#####..###.
#.......[.#
#.........#
#.#.<.......#
#....@.......
##...OB...#.#
..............#
............###
####..........
.$.......###
#####.##### #(#


You could see an ogre and a worker ant.

Vanquished Creatures
  5 adders
  An ooze (D:3)
  A worm (D:2)
  2 dart slugs
  2 leopard geckos (D:1)
  3 orcs (D:3)
  7 bats
  2 giant cockroaches
  11 goblins
  2 hobgoblins (D:2)
  8 kobolds
  2 quokkas
  7 frilled lizards
  8 rats
61 creatures vanquished.

Notes
Turn   | Place    | Note
-------+----------+-------------------------------------------
     0 | D:1      | Borgoz the Minotaur Gladiator began the quest for the Orb.
     0 | D:1      | Reached XP level 1. HP: 18/18 MP: 0/0
   250 | D:1      | Reached XP level 2. HP: 23/25 MP: 1/1
   255 | D:1      | Reached skill level 4 in Maces & Flails
   388 | D:1      | Reached skill level 1 in Armour
   843 | D:2      | Reached XP level 3. HP: 30/30 MP: 2/2
  1423 | D:2      | Reached XP level 4. HP: 33/38 MP: 3/3
  2019 | D:3      | Reached skill level 5 in Maces & Flails
  2435 | D:4      | Noticed an ogre
  2445 | D:4      | Slain by an ogre

Illustrated notes

Levels and vault maps discovered:
D:1:      minmay_arrival_three_doors, layout_rooms, minmay_pentomino_w4
D:2:      layout_loops_ring, kennysheep_generic_room_11
D:3:      layout_loops_ring, nrook_loot_triangle
D:4:      layout_rooms, minivault_24, dk_yredelemnul_ordeal,
          uniq_crazy_yiuf_cottage

Skill      XL: |  1  2  3  4 |
---------------+-------------+-----
Maces & Flails | 4 5 |  5.0
Armour         | 1 2 |  2.2
Fighting       | 3 |  3.4
Dodging        | 4 |  4.0
Throwing       | |  2.0

Action                   |  1- 3 |  4- 6 || total
-------------------------+-------+-------++-------
Melee: Flail             |    80 |    83 ||   163
       Headbutt          |    12 |    12 ||    24
Throw: Throwing net      |       |     3 ||     3
  Use: Scroll            |     3 |     2 ||     5
Armor: Leather armour    |     5 |       ||     5
       Ring mail         |    10 |       ||    10
       Plate armour      |     6 |    69 ||    75
Dodge: Dodged            |    64 |    28 ||    92

Table legend: (Time is in decaauts)
 A = Elapsed time spent in this place.
 B = Non-inter-level travel time spent in this place.
 C = Inter-level travel time spent in this place.
 D = Time resting spent in this place.
 E = Time spent auto-exploring this place.
 F = Levels seen in this place.
 G = Mean time per level.
                   A        B        C        D        E       F      G
               +--------+--------+--------+--------+--------+-----+--------+
         Total |   2471 |   2381 |     90 |    405 |   1475 |   4 |  617.8 |
       Dungeon |   2471 |   2381 |     90 |    405 |   1475 |   4 |  617.8 |
               +--------+--------+--------+--------+--------+-----+--------+

Top non-repeatable levels by time:
     D:2: 1043 daAuts
     D:1: 848 daAuts
     D:3: 568 daAuts
     D:4: 10 daAuts
